 Dungeon Crawl Stone Soup version 0.25-a0-1133-g93ebf739aa (webtiles) character file.

Game seed: 11709957825742909334, levelgen mode: deterministic

368 MisterFreud the Grave Robber (level 6, -2/49 HPs)
             Began as a Deep Dwarf Necromancer on May 21, 2020.
             Slain by an ogre
             ... wielding a +0 giant spiked club
              (29 damage)
             ... on level 4 of the Dungeon.
             The game lasted 00:10:27 (3145 turns).

MisterFreud the Grave Robber (DDNe)                 Turns: 3145, Time: 00:10:28

Health: -2/49      AC:  2    Str: 14    XL:     6   Next: 41%
Magic:  3/9        EV: 12    Int: 15    God:
Gold:   152        SH:  5    Dex: 13    Spells: 3/8 levels left

rFire    . . .     SeeInvis .   s - +2 dagger (venom)
rCold    . . .     Gourm    .   e - +0 buckler
rNeg     . . .     Faith    .   a - +0 robe
rPois    .         Spirit   .   (no helmet)
rElec    .         Reflect  .   n - scarf {+Inv}
rCorr    .         Harm     .   (no gloves)
MR       .....                  (no boots)
Stlth    ++........             v - amulet of magic regeneration
HPRegen  0.00/turn              (no ring)
MPRegen  0.36/turn              (no ring)

@: very slightly contaminated, non-regenerating, lightly drained
A: damage resistance, heal wounds, sense surroundings 1, no regeneration
a: Heal Wounds, Evoke Invisibility


You were on level 4 of the Dungeon.
You were not hungry.

You visited 1 branch of the dungeon, and saw 4 of its levels.

You collected 152 gold pieces.

Inventory:

Hand Weapons
 s - a +2 dagger of venom (weapon)
Missiles
 b - 148 stones (quivered)
 g - 54 bolts
 j - 5 boomerangs
 k - 38 arrows
 o - 19 sling bullets
Armour
 a - a +0 robe (worn)
 e - a +0 buckler (worn)
 n - a scarf of invisibility (worn)
Jewellery
 v - an amulet of magic regeneration (around neck)
Scrolls
 d - 3 scrolls of remove curse
 f - 2 scrolls of teleportation {unknown}
 i - 2 scrolls of identify
 p - 2 scrolls of enchant weapon {unknown}
 q - 2 scrolls of fog {unknown}
 w - a scroll of random uselessness {unknown}
 x - a scroll of blinking {unknown}
 y - a scroll of fear {unknown}
 z - a scroll of amnesia {unknown}
Potions
 h - 2 potions of curing
 l - a potion of invisibility
 m - 2 potions of mutation
 t - a potion of might
 u - a potion of cancellation
Comestibles
 c - 7 rations
 r - 6 chunks of flesh


   Skills:
   Level 1.7(1.3) Maces & Flails
 - Level 2.1(1.8) Dodging
 - Level 2.4(2.0) Stealth
 - Level 4.0(3.5) Shields
 - Level 1.7(1.3) Spellcasting
 - Level 6.0(5.5) Necromancy
 + Level 4.1(3.7) Evocations


You had 3 spell levels left.
You knew the following spells:

 Your Spells              Type           Power        Failure   Level  Hunger
a - Pain                  Necr           ###.         2%          1    ##.....
b - Animate Skeleton      Necr           N/A          2%          1    ##.....
c - Vampiric Draining     Necr           ###.......   8%          3    ####...

Your spell library contained the following spells:

 Spells                   Type           Power        Failure   Level  Hunger
 Animate Dead             Necr           N/A          26%         4    #####..
 Agony                    Necr           ###.....     56%         5    ######.


Dungeon Overview and Level Annotations

Branches:
Dungeon (4/15)
 Temple: D:4-7

Altars:
Nemelex Xobeh
Okawaru


Innate Abilities, Weirdness & Mutations

You are resistant to damage.
You can heal yourself by infusing magical energy.
You passively map a small area around you.
You do not regenerate.


Message History

The ogre shouts!
The ogre hits you with a +0 giant spiked club!!
Casting: Vampiric Draining (dangerous; 6% risk of failure)
Confirm with . or Enter, or press ? or * to list all spells.
Aiming: Vampiric Draining (dangerous; 6% risk of failure)
Press: ? - help, Shift-Dir - straight line, f - ogre
Aim: an ogre, wielding a +0 giant spiked club You miscast Vampiric Draining.
You are very lightly contaminated with residual magic.
You are engulfed in negative energy.
You feel drained.
Casting: Vampiric Draining (dangerous; 8% risk of failure)
Confirm with . or Enter, or press ? or * to list all spells.
Aiming: Vampiric Draining (dangerous; 8% risk of failure)
Press: ? - help, Shift-Dir - straight line, f/p - ogre
Aim: an ogre, wielding a +0 giant spiked club The ogre is moderately wounded.
You feel life coursing into your body.
The ogre hits you with a +0 giant spiked club!!
Ouch! That really hurt!
You die...

,,, , ## * *
##,... #.,...
* #. #.# ,
#.*#.#* * ,,
#.*#.# # *,
#O##.##.# *, ,
, #.@.....# *
* *
####.#########
#.........# **
#.#######.#
#.#
####.######
#..
#.........#
##.
#.#..#.##.# *
. #.#..#.....
*
..,###....##.#


You could see an ogre.

Vanquished Creatures
  A scorpion (D:2)
  A hound (D:4)
  An iguana (D:4)
  3 orc priests (D:4)
  An orc wizard (D:4)
  5 adders
  4 worms
  2 dart slugs
  5 leopard geckos
  5 orcs
  4 giant cockroaches
  8 goblins
  8 hobgoblins
  5 jackals
  8 kobolds
  A ball python (D:2)
  8 bats
  4 frilled lizards
  8 rats
82 creatures vanquished.

Notes
Turn   | Place    | Note
-------+----------+-------------------------------------------
     0 | D:1      | MisterFreud the Deep Dwarf Necromancer began the quest for
                  | the Orb.
     0 | D:1      | Reached XP level 1. HP: 15/15 MP: 3/3
   296 | D:1      | Learned a level 1 spell: Animate Skeleton
   408 | D:1      | Reached XP level 2. HP: 22/22 MP: 2/4
   464 | D:1      | Reached skill level 5 in Necromancy
   904 | D:2      | Reached XP level 3. HP: 12/28 MP: 0/5
   917 | D:2      | Learned a level 3 spell: Vampiric Draining
  1000 | D:2      | Found an iron altar of Okawaru.
  1008 | D:2      | Noticed a scorpion
  1024 | D:2      | Killed a scorpion
  1024 | D:2      | Reached skill level 1 in Maces & Flails
  1024 | D:2      | Reached skill level 6 in Necromancy
  1024 | D:2      | Reached XP level 4. HP: 25/36 MP: 1/6
  1372 | D:2      | Reached skill level 1 in Evocations
  1795 | D:3      | Reached skill level 1 in Shields
  2090 | D:3      | Reached XP level 5. HP: 24/42 MP: 3/7
  2385 | D:3      | Found a sparkling altar of Nemelex Xobeh.
  2805 | D:4      | HP: 2/42 [orc wizard/magic dart (1)]
  2807 | D:4      | Reached XP level 6. HP: 6/49 MP: 1/8
  3145 | D:4      | Slain by an ogre

Illustrated notes

Levels and vault maps discovered:
D:1:      dpeg_arrival_rooms_b, layout_basic, serial_bayou_pond_e
D:2:      layout_rooms, overflow_temple_1_default, small_statue_intersection
D:3:      layout_basic, marbit_many_paths, first_ration,
          kennysheep_generic_room_8
D:4:      layout_loops_cross, lemuel_round_altar, minmay_temple_entry_offerings,
          kennysheep_dice

Skill      XL: |  1  2  3  4  5  6 |
---------------+-------------------+-----
Necromancy     | 5 6 |  6.0
Maces & Flails | 1 |  1.7
Evocations     | 2 3 4 |  4.1
Shields        | 1 3 4 |  4.0
Dodging        | |  2.1
Stealth        | |  2.4
Spellcasting   | |  1.7

Action                   |  1- 3 |  4- 6 || total
-------------------------+-------+-------++-------
Melee: Mace              |    11 |       ||    11
       Dagger            |       |    73 ||    73
 Cast: Pain              |    39 |    23 ||    62
       Vampiric Draining |     1 |    36 ||    37
 Abil: Heal Wounds       |     1 |     1 ||     2
  Use: Scroll            |       |     7 ||     7
 Stab: Sleeping          |       |     5 ||     5
  Eat: Chunk             |     1 |    12 ||    13
Armor: Robe              |     4 |     6 ||    10
Dodge: Dodged            |    17 |    53 ||    70
Block: Buckler           |       |    14 ||    14

Table legend:
 A = Non-vault XP
 B = Vault XP
 C = Vault XP percentage of total XP
 D = Non-vault monster count
 E = Vault monster count
 F = Vault count percentage of total count
                 A         B        C        D         E       F
            +---------+---------+-------+---------+---------+-------
      Total |     524 |       3 |   0.6 |      80 |       2 |   2.4
            +---------+---------+-------+---------+---------+-------
        D:1 |      27 |       0 |   0.0 |      15 |       0 |   0.0
        D:2 |     113 |       0 |   0.0 |      18 |       0 |   0.0
        D:3 |      82 |       3 |   3.5 |      33 |       2 |   5.7
        D:4 |     302 |       0 |   0.0 |      14 |       0 |   0.0
            +---------+---------+-------+---------+---------+-------
